 Dungeon Sprint DCSS version 0.30-a0-172-gc5509c9e31 (webtiles) character file.

Game seed: 6354082176240116020

42 hellse the Trooper (level 3, 0/33 HPs)
             Began as a Djinni Warper on Oct 1, 2022.
             Slain by an ice beast (1 damage)
             ... in the Dungeon (Sprint IX: "|||||||||||||||||||||||||||||").
             The game lasted 00:00:12 (166 turns).

hellse the Trooper (Djinni Warper)                   Turns: 166, Time: 00:00:13

Health: 0/33       AC:  3    Str: 12    XL:     3   Next: 80%
Gold:   0          EV: 11    Int: 14    God:
                   SH:  0    Dex: 12

rFire   + + .      SeeInvis .      - Unarmed
rCold   x . .      Faith    .    (no shield)
rNeg    . . .      Spirit   .    a - +0 leather armour
rPois   ∞          Reflect  .    (no helmet)
rElec   .          Harm     .    (no cloak)
rCorr   .          Rampage  .    (no gloves)
Will    .....      NoTele   +    (boots unavailable)
Stlth   +.........               (no amulet)
HPRegen 0.25/turn                (no ring)
MPRegen 0.00/turn                (no ring)

@: on berserk cooldown, flying, slowed, very slow
A: sickness immunity, fire resistance 2, cold vulnerability 1, float, innate
caster, HP casting, extra vitality 1
a: no special abilities


You were in the Dungeon.
You visited 1 branch

Inventory:

Missiles
 c - 7 boomerangs of dispersal (quivered)
Armour
 a - a +0 leather armour (worn)
Scrolls
 b - 2 scrolls of blinking
Potions
 d - a potion of curing
 e - a potion of heal wounds
 f - a potion of haste


   Skills:
 + Level 5.1 Fighting
 - Level 0.7 Throwing
 - Level 1.0 Armour
 - Level 2.1 Dodging
 + Level 5.1 Unarmed Combat
 - Level 2.4 Spellcasting


You couldn't memorise any spells.
You knew the following spells:

 Your Spells              Type           Power      Damage    Failure   Level
a - Blink                 Tloc           16%        N/A       16%         2
b - Lesser Beckoning      Tloc           8%         N/A       32%         3
c - Gell's Gravitas       Tloc           8%         N/A       32%         3
d - Teleport Other        Tloc           8%         N/A       32%         3
e - Manifold Assault      Tloc           8%         N/A       71%         4
f - Kiss of Death         Conj/Necr      32%        2d7       11%         1
Your spell library was empty.

Dungeon Overview and Level Annotations

Branches:
Dungeon (1/1)

Altars:


Innate Abilities, Weirdness & Mutations

You are immune to sickness and miasma.
You are immune to poison.
Your flesh is very heat resistant. (rF++)
You are vulnerable to cold. (rC-)
You float through the air rather than walking.
You learn spells naturally, not from books.
Your magical power is your life essence.
You have superior vitality. (+4 MHP)


Message History

Your Unarmed Combat skill increases to level 4!
You have reached level 2!
You have reached level 3!
Your experience leads to an increase in your attributes!
Increase (S)trength, (I)ntelligence, or (D)exterity?
You feel stronger. x2
The power to cast Kiss of Death wells up from within.
Spell assigned to 'f'.
You closely miss the adder. The adder barely misses you.
You miss the adder. The adder bites you but does no damage.
You punch the adder!
You kill the adder!
Your Fighting skill increases to level 5!
Your Unarmed Combat skill increases to level 5!
The orc hits you but does no damage.
There is an open door here.
You see here an iguana corpse.
You punch the orc!
You kill the orc!
The quokka bites you.
Things that are here:
a +0 mace; a +0 leather armour You punch the quokka!
You kill the quokka!
You punch the ice beast!
The ice beast is heavily wounded.
You hit the ice beast.
The ice beast is heavily wounded.
You are no longer berserk.
You are exhausted.
You feel yourself slow down. The ice beast barely misses you.
You hit the ice beast.
The ice beast is severely wounded.
The ice beast hits you but does no damage.
You closely miss the ice beast.
The ice beast is severely wounded.
The ice beast hits you. The ice beast freezes you!
You feel a terrible chill!
* * * LOW HITPOINT WARNING * * *
The ice beast hits you.
You die...

▓.▓
▓'▓
▓)▓
▓†▓
▓.▓
▓.▓
▓.▓
▓†▓
▓@▓
▓Y▓
▓.▓
▓.▓
▓.▓
▓+▓


You could see an ice beast.

Vanquished Creatures
  An iguana (D)
  An adder (D)
  An orc (D)
  A goblin (D)
  2 kobolds (D)
  2 quokkas (D)
  A frilled lizard (D)
9 creatures vanquished.

Notes
Turn   | Place    | Note
-------+----------+-------------------------------------------
     0 | D        | hellse the Djinni Warper began the quest for the Orb.
     0 | D        | hellse set off with the following spells memorised: Blink,
                  | Lesser Beckoning, Gell's Gravitas, Teleport Other, Manifold
                  | Assault.
     0 | D        | Reached XP level 1. HP: 18/18 MP: 0/0
   146 | D        | Noticed an iguana
   146 | D        | Noticed an ice beast
   155 | D        | Killed an iguana
   156 | D        | Reached XP level 2. HP: 24/27 MP: 0/0
   156 | D        | Reached XP level 3. HP: 28/31 MP: 0/0
   156 | D        | Learned a level 1 spell: Kiss of Death
   159 | D        | Reached skill level 5 in Fighting
   159 | D        | Reached skill level 5 in Unarmed Combat
   166 | D        | HP: 1/33 [ice beast (15)]
   166 | D        | Slain by an ice beast

Illustrated notes

Levels and vault maps discovered:
D:        linesprint [early_d, line_temple, items_1, d_10, items_2, lair_1,
          lair_end, items_3, orc_1, orc_end, items_4, d_15, swamp_1, shoals_1,
          snake_1, spider_1, d_20, vaults_1, items_5, swamp_end, shoals_end,
          snake_end, spider_end, vaults_end, d_27, items_6, zot_1, zot_end,
          crypt_end, forest_end, elf_end, slime_end, tomb_end, abyss_end,
          pan_hell_end]

Skill      XL: |  1  2  3 |
---------------+----------+-----
Fighting       | 4 5 |  5.1
Unarmed Combat | 4 5 |  5.1
Throwing       | |  0.7
Armour         | |  1.0
Dodging        | |  2.1
Spellcasting   | |  2.4

Action                   || total
-------------------------++-------
Melee: Unarmed           ||    34
       Punch             ||     1
  Use: Potion            ||     1
Armor: Leather armour    ||     5
Dodge: Dodged            ||    12

Table legend: (Time is in decaauts)
 A = Elapsed time spent in this place.
 B = Non-inter-level travel time spent in this place.
 C = Inter-level travel time spent in this place.
 D = Time resting spent in this place.
 E = Time spent auto-exploring this place.
 F = Levels seen in this place.
 G = Mean time per level.
                   A        B        C        D        E       F      G
               +--------+--------+--------+--------+--------+-----+--------+
         Total |    158 |    158 |      0 |    120 |      0 |   1 |  158.0 |
       Dungeon |    158 |    158 |      0 |    120 |      0 |   1 |  158.0 |
               +--------+--------+--------+--------+--------+-----+--------+

Top non-repeatable levels by time:
       D: 158 daAuts
